 Dungeon Crawl Stone Soup version 0.15-a0-1914-g8cb84b8 (webtiles) character file.

58 Conan321 the Digger (level 4, 0/31 HPs)
             Began as a Formicid Earth Elementalist on July 7, 2014.
             Slain by Crazy Yiuf
             ... wielding a +4 quarterstaff of chaos
              (14 damage)
             ... on Level 2 of the Dungeon.
             The game lasted 00:10:59 (2149 turns).

Conan321 the Digger (Formicid Earth Elementalist)   Turns: 2149, Time: 00:10:59

HP   0/31        AC  2     Str 12      XL: 4   Next: 20%
MP   6/9         EV 12     Int 16      God:
Gold 111         SH  0     Dex 11      Spells:  2 memorised,  4 levels left

rFire  . . .     SeeInvis +     m - +2 dagger (speed)
rCold  . . .     Clarity  .     l - +0 robe
rNeg   . . .     rCorr    +     (no shield)
rPois  +         rRot     .     (helmet unavailable)
rElec  .         Spirit   .     (no cloak)
SustAb .         Warding  .     (no gloves)
rMut   .         Stasis   +     (no boots)
Gourm  .                        h - amulet of resist corrosion
MR     +....                    t - ring of protection from magic
                                e - ring of poison resistance

@: very slightly contaminated, starving, drained, somewhat resistant to hostile
enchantments, unstealthy
A: permanent stasis, dig shafts and tunnels, four strong arms, antennae 3
a: Dig, Shaft Self


You were on level 2 of the Dungeon.
You were starving.

You visited 1 branch of the dungeon, and saw 2 of its levels.

You collected 111 gold pieces.

Inventory:

Hand weapons
 g - a +0 club
 i - a +0 sling
 m - a +2 dagger of speed (weapon)
 z - a -1 hammer
Missiles
 b - 42 stones (quivered)
 s - 12 poisoned needles
 w - 12 poisoned arrows
 x - 17 sling bullets
Armour
 c - a +0 robe
 l - a +0 robe (worn)
Comestibles
 a - 3 bread rations
 r - a beef jerky
Scrolls
 o - a scroll of amnesia
 q - 3 scrolls of identify
Jewellery
 e - a ring of poison resistance (left hand)
 h - an amulet of resist corrosion (around neck)
 t - a ring of protection from magic (right hand)
 v - an uncursed ring of positive energy
Potions
 f - 2 potions of restore abilities {unknown}
 k - a potion of heal wounds {unknown}
 n - a potion of curing {unknown}
 p - 2 potions of confusion {unknown}
Books
 d - a book of Geomancy

   Spells                             Type                      Level
   *Sandblast                         Earth                        1
   Stoneskin                          Transmutation/Earth          2
   Passwall                           Transmutation/Earth          3
   *Stone Arrow                       Conjuration/Earth            3
   Petrify                            Transmutation/Earth          4
   Lee's Rapid Deconstruction         Earth                        5


   Skills:
 + Level 0.7(0.3) Fighting
 + Level 0.2(0.0) Maces & Flails
 + Level 2.2(1.9) Dodging
 + Level 2.5(2.1) Stealth
 + Level 2.8(2.4) Spellcasting
   Level 1.1(0.7) Transmutations
 + Level 4.6(4.2) Earth Magic


You had 4 spell levels left.
You knew the following spells:

 Your Spells              Type           Power        Failure   Level  Hunger
a - Sandblast             Erth           ###...       4%          1    #......
b - Stone Arrow           Conj/Erth      #.....       28%         3    ####...


Dungeon Overview and Level Annotations

Branches:
Dungeon (2/15)

Altars:
Okawaru

Annotations:
D:2 Crazy Yiuf


Innate Abilities, Weirdness & Mutations

Your are under a permanent stasis effect.
You can dig through walls and to a lower floor.
Your four strong arms can wield two-handed weapons with a shield.
You have a pair of large antennae on your head (SInv).


Message History

Crazy Yiuf yells, "Gum dark koolooloo!"
Crazy Yiuf hits you with a quarterstaff of chaos!
You feel drained.
You hit Crazy Yiuf but do no damage.
Read which item? (? for menu, Esc to quit)
Okay, then.
Crazy Yiuf laughs, "Proton return to song meccalolo!"
Crazy Yiuf cries, "You leg down broken song, no?"
There is a stone staircase leading down here.
Casting: Sandblast
Confirm with . or Enter, or press ? or * to list all spells.
Aiming: Stone Arrow
Press: ? - help, Shift-Dir - straight line, f/p - Crazy Yiuf
Aim: Crazy Yiuf, wielding a quarterstaff of chaos and wearing a glowing cloak You miscast Stone Arrow.
You are very lightly contaminated with residual magic.
You feel a strange surge of energy!
You are starving!
Crazy Yiuf hits you with a quarterstaff of chaos!
You die...

#....PP♣♣♣♣g)) ##....♣P.♣..♣
######## #..##...♣)♣ .......#
#.####♣♣♣♣♣ .......###.###
.............##################
..............................#
..........##..................#
........#.##...g@.............#
###.......####.....#.........###
# #.#....## #..)..............#
###.#.#..#####.#..#............#
...............................#
......#........................#
.##.....#...........#####......#
......#.............# #......#
.........#......#...## #......#


You could see Crazy Yiuf.

Vanquished Creatures
  An adder (D:2)
  2 giant geckos (D:1)
  5 bats (D:1)
  3 giant cockroaches (D:1)
  7 goblins
  6 hobgoblins (D:1)
  2 jackals (D:1)
  3 giant newts (D:1)
  8 kobolds
  9 rats
  A fungus (D:2)
47 creatures vanquished.

Notes
Turn   | Place    | Note
--------------------------------------------------------------
     0 | D:1      | Conan321, the Formicid Earth Elementalist, began the quest for the Orb.
     0 | D:1      | Reached XP level 1. HP: 13/13 MP: 3/3
   313 | D:1      | Reached skill level 4 in Earth Magic
   340 | D:1      | Reached XP level 2. HP: 19/19 MP: 3/5
   789 | D:1      | Reached XP level 3. HP: 15/25 MP: 0/7
  1550 | D:1      | Learned a level 3 spell: Stone Arrow
  1774 | D:2      | Reached XP level 4. HP: 22/31 MP: 0/9
  1915 | D:2      | Found an iron altar of Okawaru.
  2129 | D:2      | Noticed Crazy Yiuf
  2149 | D:2      | Slain by Crazy Yiuf

Action                   |  1- 3 |  4- 6 || total
-------------------------+-------+-------++-------
Melee: Unarmed           |    11 |       ||    11
       Club              |    63 |       ||    63
       Dagger            |     7 |    27 ||    34
Throw: Stone             |       |     1 ||     1
 Cast: Sandblast         |    72 |     1 ||    73
       Stone Arrow       |       |     1 ||     1
  Use: Scroll            |     1 |     4 ||     5
  Eat: Chunk             |     3 |       ||     3
